 Dungeon Crawl Stone Soup version 0.26-a0-831-g7192265339 (webtiles) character file.

Game seed: 2732660574186903212

28419 lunkers the Zephyrmancer (level 13, -6/129 HPs)
             Began as a Tengu Air Elementalist on Nov 16, 2020.
             Was a High Priest of Vehumet.
             Mangled by a komodo dragon (19 damage)
             ... on level 6 of the Lair of Beasts.
             The game lasted 00:26:16 (25176 turns).

lunkers the Zephyrmancer (Tengu Air Elementalist)  Turns: 25176, Time: 00:26:17

Health: -6/129     AC: 26    Str:  8    XL:     13   Next: 38%
Magic:  9/28       EV:  2    Int: 20    God:    Vehumet [*****.]
Gold:   665        SH: 11    Dex: 22    Spells: 17/32 levels left

rFire    . . .     SeeInvis .   E - +3 short sword
rCold    . . .     Faith    .   X - +0 buckler
rNeg     + + +     Spirit   .   (armour currently unavailable)
rPois    +         Reflect  +   (helmet currently unavailable)
rElec    .         Harm     .   (cloak currently unavailable)
rCorr    .         Rampage  .   (gloves currently unavailable)
MR       +....     NoTele   +   (boots unavailable)
Stlth    ++........             R - amulet of reflection
HPRegen  0.31/turn              r - +6 ring of dexterity
MPRegen  0.21/turn              k - ring of protection from magic

@: lethally poisoned (-6 -> -8), tree-form
A: able to fly
a: Stop Flying, Renounce Religion


You were on level 6 of the Lair of Beasts.
You worshipped Vehumet.
Vehumet was extremely pleased with you.
You were a tree.
You visited 3 branches of the dungeon, and saw 18 of its levels.

You collected 945 gold pieces.
You spent 280 gold pieces at shops.

Inventory:

Hand Weapons
 e - a +2 vampiric dagger
 E - a +3 short sword (weapon)
 F - a +1 vampiric trident
Missiles
 M - 4 curare-tipped darts {=f}
Armour
 c - the +1 robe of Mesas (melded) {*Contam MR+ Str+4 Stlth+}
   (You found it on level 5 of the Lair of Beasts)

   It affects your strength (+4).
   It affects your resistance to hostile enchantments.
   It causes magical contamination when unequipped.
   It makes you more stealthy.
 y - a +0 cloak (melded)
 J - a +1 scale mail of cold resistance
 N - a +1 robe of fire resistance
 S - a +2 kite shield
 U - a +1 pair of gloves (melded)
 X - a +0 buckler (worn)
Magical Staves
 L - an uncursed staff of cold
 V - an uncursed staff of earth
Jewellery
 k - a ring of protection from magic (right branch)
 q - an uncursed amulet of the acrobat
 r - a +6 ring of dexterity (left branch)
 B - an uncursed ring of positive energy
 R - an amulet of reflection (around neck)
 T - the ring "Cioqof" {rCorr Int-3 SInv Stlth+}
   (You found it on level 2 of the Lair of Beasts)

   [ring of resist corrosion]

   It affects your intelligence (-3).
   It lets you see invisible.
   It provides partial protection from all sources of acid and corrosion.
   It makes you more stealthy.
Wands
 a - a wand of paralysis (10)
 u - a wand of polymorph (8)
 x - a wand of flame (57)
 C - a wand of acid (3)
 H - a wand of enslavement (12)
 W - a wand of disintegration (10)
Scrolls
 b - 5 scrolls of teleportation {unknown}
 h - 3 scrolls of enchant weapon {unknown}
 m - 4 scrolls of remove curse {unknown}
 o - a scroll of immolation
 w - 3 scrolls of fog {unknown}
 A - 3 scrolls of vulnerability
 D - 2 scrolls of noise {unknown}
 G - 2 scrolls of amnesia {unknown}
 I - a scroll of summoning
 K - 2 scrolls of enchant armour {unknown}
 P - 2 scrolls of magic mapping
Potions
 f - 2 potions of brilliance
 g - 3 potions of attraction
 i - 5 potions of heal wounds
 j - 2 potions of might
 l - 2 potions of invisibility
 n - 6 potions of curing
 p - 2 potions of flight
 s - a potion of magic
 t - 2 potions of haste
 v - 3 potions of mutation
 Q - 2 potions of ambrosia


   Skills:
 + Level 12.1 Fighting
 - Level 2.1 Dodging
 - Level 2.0 Stealth
 - Level 4.0 Shields
 - Level 10.0 Spellcasting
 + Level 13.4 Conjurations
 - Level 14.0 Air Magic


You had 17 spell levels left.
You knew the following spells:

 Your Spells              Type           Power        Failure   Level
a - Airstrike             Air            ######....   1%          4
b - Static Discharge      Conj/Air       ######..     1%          3
c - Shock                 Conj/Air       ####         1%          1
d - Lightning Bolt        Conj/Air       ######....   1%          5
e - Swiftness             Air            ######..     1%          2

Your spell library contained the following spells:

 Spells                   Type           Power        Failure   Level
 Sticky Flame             Conj/Fire      #####...     1%          4
 Magic Dart               Conj           ####         1%          1
 Sandblast                Erth           ##....       1%          1
 Conjure Flame            Conj/Fire      #####...     1%          3
 Mephitic Cloud           Conj/Pois/Air  #####...     1%          3
 Stone Arrow              Conj/Erth      #####.       1%          3
 Beastly Appendage        Tmut           ##....       7%          1
 Blink                    Tloc           N/A          11%         2
 Call Imp                 Summ           ##......     11%         2
 Passwall                 Tmut/Erth      ##......     11%         2
 Slow                     Hex            ##......     11%         2
 Wereblood                Tmut           ##......     11%         2
 Spider Form              Tmut/Pois      ##........   21%         3
 Lee's Rapid Deconstruct  Erth           ##........   41%         5
 Ice Form                 Ice/Tmut       ##......     56%         4
 Petrify                  Tmut/Erth      ##......     56%         4
 Blade Hands              Tmut           ##........   88%         5


Dungeon Overview and Level Annotations

Branches:
Dungeon (11/15)            Temple (1/1) D:5            Lair (6/6) D:10
  Swamp (0/4) Lair:4        Snake (0/4) Lair:4          Orc (0/2) D:10
  Slime: Lair:5-6

Altars:
Ashenzari
Cheibriados
Dithmenos
Elyvilon
Fedhas
Gozag
Hepliaklqana
Kikubaaqudgha
Makhleb
Nemelex Xobeh
Okawaru
Qazlal
Ru
Sif Muna
Trog
Uskayaw
Vehumet
Wu Jian
Xom
Yredelemnul
Zin
The Shining One
Beogh

Shops:
D:8 *   D:10 :

Portals:
Trove: D:11 (give +8 demon blade)

Annotations:
D:3 1 transporter, ardl's ghost, amateur HuFE
D:10 exclusion: oklob plant
Lair:1 1 runed translucent door, xraymikek's ghost, journeyman DrFE
Lair:4 3 runed translucent doors, Fifowuza's ghost, journeyman DrTm


Innate Abilities, Weirdness & Mutations

((You have a beak for a mouth.))
((You have claws for feet.))
You can fly continuously.


Message History

The komodo dragon is moderately wounded.
The black mamba is struck by an arc of lightning!
You kill the black mamba!
Vehumet accepts your kill.
You feel your power returning.
The lightning grounds out.
The komodo dragon is struck by an arc of lightning!
The komodo dragon is severely wounded.
The lightning grounds out.
The dream sheep is struck by an arc of lightning.
The dream sheep is lightly wounded.
The lightning grounds out.
You feel sick. The komodo dragon bites you!
* * * LOW HITPOINT WARNING * * *
The dream sheep bites you but does no damage.
Unknown command.
Unknown command.
Unknown command.
Unknown command.
You feel much better. You block the komodo dragon's attack.
The komodo dragon bites you!!
You die...

#### ###
###.#.###P.##
.....#.#..P.
........... .
......... ...
......P.#####.....
#.#<.#♣Y††...#
+...l#l......
#.....##......
#......#P....#
.........# ....#
....#.....# ....#
....#####..# ....
...# #### ...# ...


You could see 2 komodo dragons and a dream sheep.

Vanquished Creatures
  A boulder beetle (Lair:3)
  4 hydras
  Erica (Lair:1)
  Sonja (D:10)
  Pikel (D:6)
  A lindwurm (Lair:5)
  An orc knight (D:10)
  An ugly thing (D:11)
  An oklob plant (Lair:5)
  Grum (Lair:1)
  A centaur zombie (D:10)
  5 black mambas
  Psyche (D:9)
  6 cane toads
  4 rime drakes
  5 komodo dragons
  3 tyrant leeches
  3 blink frogs (Lair:3)
  5 dream sheep (Lair:6)
  Prince Ribbit (D:7)
  2 wyverns
  18 yaks
  3 basilisks
  A swamp worm (Lair:4)
  Menkaure (D:4)
  9 water moccasins
  An eye of draining (D:10)
  5 sky beasts
  2 phantoms
  A necrophage (D:9)
  13 orc warriors
  14 wolves
  2 black bears
  6 ogres
  3 centaurs
  A lemure (D:5)
  16 bullfrogs
  8 scorpions
  4 killer bees (D:11)
  9 wights
  5 howler monkeys
  3 bullfrog zombies
  3 hounds
  A quasit (D:7)
  7 orc priests
  2 jellies
  17 orc wizards
  3 bullfrog skeletons
  A centaur skeleton (D:4)
  A gnoll shaman (D:8)
  6 iguanas
  10 worker ants
  2 hound zombies (D:11)
  A hound skeleton (D:7)
  6 gnolls
  18 adders
  2 shadow imps
  14 white imps
  3 ufetubi
  An ooze (D:3)
  4 adder zombies
  2 adder skeletons
  3 worms
  6 dart slugs
  6 leopard geckos
  66 orcs
  3 ball pythons
  3 bats
  5 giant cockroaches
  7 goblins
  4 hobgoblins
  11 jackals
  2 quokkas
  4 frilled lizards
  7 kobolds
  A quokka zombie (D:10)
  9 rats
415 creatures vanquished.

Vanquished Creatures (collateral kills)
  2 wolves (Lair:1)
2 creatures vanquished.

Vanquished Creatures (others)
  15 fungi
  24 plants
39 creatures vanquished.

Grand Total: 456 creatures vanquished

Notes
Turn   | Place    | Note
-------+----------+-------------------------------------------
     0 | D:1      | lunkers the Tengu Air Elementalist began the quest for the
                  | Orb.
     0 | D:1      | Reached XP level 1. HP: 10/10 MP: 4/4
   302 | D:1      | Reached XP level 2. HP: 15/15 MP: 1/6
   760 | D:1      | Reached skill level 5 in Air Magic
   844 | D:1      | Reached XP level 3. HP: 19/19 MP: 0/7
  1347 | D:2      | Learned a level 3 spell: Static Discharge
  1865 | D:2      | Found a sparkling altar of Nemelex Xobeh.
  1876 | D:2      | Reached XP level 4. HP: 24/24 MP: 6/9
  1881 | D:2      | Learned a level 4 spell: Airstrike
  2523 | D:3      | Reached skill level 6 in Air Magic
  3004 | D:3      | Gained mutation: You can fly continuously. [Tengu growth]
  3004 | D:3      | Reached XP level 5. HP: 28/28 MP: 7/10
  3265 | D:3      | Found a transporter.
  3266 | D:3      | Noticed ardl's ghost (amateur HuFE)
  3267 | D:3      | Noticed an ogre
  3267 | D:3      | Identified the +4 dire flail of Tortfeasance {drain, rPois
                  | Dex+4}
  3267 | D:3      | Noticed an ogre
  3441 | D:4      | Reached skill level 7 in Air Magic
  3649 | D:4      | Reached XP level 6. HP: 31/32 MP: 7/12
  3925 | D:4      | Reached skill level 8 in Air Magic
  4211 | D:4      | Noticed Menkaure
  4216 | D:4      | Killed Menkaure
  4217 | D:4      | Reached skill level 9 in Air Magic
  4217 | D:4      | Reached XP level 7. HP: 23/36 MP: 5/14
  4399 | D:4      | Got a dazzling falchion
  4400 | D:4      | Identified the +1 falchion "Yregorchi" {antimagic, Str+4
                  | Dex+5} (You found it on level 4 of the Dungeon)
  4910 | D:5      | Entered Level 5 of the Dungeon
  4961 | D:5      | Found a basalt altar of Yredelemnul.
  4990 | D:5      | Found a snail-covered altar of Cheibriados.
  5210 | D:5      | Found a staircase to the Ecumenical Temple.
  5234 | Temple   | Entered the Ecumenical Temple
  5428 | Temple   | Became a worshipper of Vehumet
  6023 | D:5      | Reached skill level 10 in Air Magic
  6146 | D:5      | Reached XP level 8. HP: 41/41 MP: 7/16
  6287 | D:6      | Reached skill level 5 in Spellcasting
  6403 | D:6      | Found a hide-covered altar of Uskayaw.
  6403 | D:6      | Noticed a +0 hand axe
  6407 | D:6      | Reached skill level 1 in Fighting
  6407 | D:6      | Noticed Pikel
  6407 | D:6      | Noticed a +0 hand axe
  6627 | D:6      | Killed Pikel
  6628 | D:6      | Reached skill level 11 in Air Magic
  7329 | D:6      | Reached XP level 9. HP: 36/51 MP: 5/18
  7504 | D:6      | Reached * piety under Vehumet
  7504 | D:6      | Offered knowledge of Sandblast by Vehumet.
  7658 | D:6      | Found a sacrificial altar of Ru.
  7658 | D:6      | Found an ornate altar of the Wu Jian Council.
  7659 | D:6      | Found a stormy altar of Qazlal.
  7679 | D:6      | Reached skill level 12 in Air Magic
  8598 | D:7      | Offered knowledge of Foxfire by Vehumet.
  8969 | D:7      | Reached ** piety under Vehumet
  9206 | D:7      | Reached skill level 13 in Air Magic
  9368 | D:7      | Noticed Prince Ribbit
  9371 | D:7      | Killed Prince Ribbit
  9699 | D:7      | Learned a level 5 spell: Lightning Bolt
  9702 | D:7      | Learned a level 2 spell: Swiftness
 10107 | D:8      | Found Loffiuhi's General Store.
 10210 | D:8      | Bought a potion of haste for 140 gold pieces
 10210 | D:8      | Bought a scroll of identify for 28 gold pieces
 10210 | D:8      | Bought a potion of mutation for 112 gold pieces
 10254 | D:8      | Reached skill level 5 in Fighting
 10254 | D:8      | Reached XP level 10. HP: 59/59 MP: 5/21
 10721 | D:8      | Noticed a manticore
 10905 | D:8      | Offered knowledge of Searing Ray by Vehumet.
 11625 | D:8      | Reached *** piety under Vehumet
 11626 | D:8      | Reached skill level 14 in Air Magic
 12143 | D:8      | Found a roughly hewn altar of Beogh.
 12289 | D:9      | Offered knowledge of Olgreb's Toxic Radiance by Vehumet.
 12809 | D:9      | Noticed Psyche
 12812 | D:9      | Killed Psyche
 12813 | D:9      | Reached skill level 5 in Conjurations
 13731 | D:10     | Entered Level 10 of the Dungeon
 13741 | D:10     | Reached **** piety under Vehumet
 13994 | D:10     | Found a sparkling altar of Nemelex Xobeh.
 13994 | D:10     | Noticed an oklob plant
 13998 | D:10     | HP: 3/61 [acid (11)]
 14388 | D:10     | Offered knowledge of Bolt of Magma by Vehumet.
 14573 | D:10     | Noticed Sonja
 14576 | D:10     | Killed Sonja
 14577 | D:10     | Reached XP level 11. HP: 67/67 MP: 13/24
 15021 | D:10     | Found a staircase to the Orcish Mines.
 15265 | D:10     | Found Litixzeg's Book Shop.
 15417 | D:10     | Found a staircase to the Lair.
 16398 | D:11     | Noticed a five-headed hydra
 16747 | D:11     | Noticed an orc knight
 16762 | D:10     | Killed an orc knight
 17066 | D:11     | Noticed a cyan ugly thing
 17075 | D:11     | Killed a cyan ugly thing
 17103 | D:11     | Reached ***** piety under Vehumet
 17463 | D:11     | Found a portal to a secret trove of treasure.
 17764 | Lair:1   | Entered Level 1 of the Lair of Beasts
 17764 | Lair:1   | Noticed an eight-headed hydra
 17825 | D:10     | Killed an eight-headed hydra
 17962 | Lair:1   | Offered knowledge of Fulminant Prism by Vehumet.
 18587 | Lair:1   | Noticed Grum
 18630 | Lair:1   | Killed Grum
 18771 | Lair:1   | Reached XP level 12. HP: 77/77 MP: 11/26
 19044 | Lair:1   | Noticed Erica
 19059 | Lair:1   | Reached skill level 10 in Conjurations
 19182 | Lair:1   | Killed Erica
 19288 | Lair:1   | Found a runed translucent door.
 19292 | Lair:1   | Found a shimmering altar of Xom.
 19292 | Lair:1   | Noticed xraymikek's ghost (journeyman DrFE)
 19625 | Lair:2   | Noticed a five-headed hydra
 19628 | Lair:2   | Killed a five-headed hydra
 19629 | Lair:2   | Reached skill level 10 in Fighting
 19949 | Lair:2   | Got a sparkling gossamer ring
 20244 | Lair:1   | Reached skill level 10 in Spellcasting
 21203 | Lair:3   | Noticed a five-headed hydra
 21213 | Lair:3   | Killed a five-headed hydra
 21535 | Lair:3   | Noticed a boulder beetle
 21719 | Lair:3   | Killed a boulder beetle
 21986 | Lair:3   | Identified the ring "Cioqof" {rCorr Int-3 SInv Stlth+} (You
                  | found it on level 2 of the Lair of Beasts)
 22256 | Lair:3   | Reached skill level 1 in Shields
 22353 | Lair:3   | Reached XP level 13. HP: 64/84 MP: 20/28
 22531 | Lair:4   | Found a runed translucent gate.
 22531 | Lair:4   | Found a runed translucent gate.
 22531 | Lair:4   | Found a runed translucent gate.
 22542 | Lair:4   | Offered knowledge of Sticky Flame by Vehumet.
 22939 | Lair:4   | Found a staircase to the Swamp.
 23481 | Lair:4   | Found a staircase to the Snake Pit.
 23925 | Lair:4   | Noticed Fifowuza's ghost (journeyman DrTm)
 24265 | Lair:5   | Got a sheer robe
 24276 | Lair:5   | Identified the +1 robe of Mesas {*Contam MR+ Str+4 Stlth+}
                  | (You found it on level 5 of the Lair of Beasts)
 25153 | Lair:6   | Entered Level 6 of the Lair of Beasts
 25175 | Lair:6   | HP: 2/129 [komodo dragon (11)]
 25176 | Lair:6   | Mangled by a komodo dragon

Illustrated notes

Levels and vault maps discovered:
D:1:      dpeg_arrival_long_road, layout_loops_cross
D:2:      layout_basic, nemelex_xobeh_ov_fountains_minmay
D:3:      layout_rooms, gammafunk_ghost_smash, serial_glass, glass_columns_c,
          glass_columns_c
D:4:      layout_basic, minivault_26, chequers_serial_rivers_micro_d,
          grunt_ministairs_1, uniq_menkaure
D:5:      layout_basic, overflow_temple_1_default, minmay_temple_entry_slanted,
          basic_altar
D:6:      kb_forest_paths, layout_gridville, dancing_weapons_uskayaw,
          gammafunk_temple_overflow_claw, uniq_pikel
D:7:      layout_basic, kennysheep_generic_room_14, uniq_prince_ribbit1
D:8:      layout_basic, special_room [special_room_orc], serial_shops, shop,
          hangedman_abyss_or_decor_stagger
D:9:      layout_loops_corners, uniq_psyche
D:10:     layout_loops_corners, dpeg_oklobed_lair, orc_0_dummy, serial_shops,
          nicolae_shop_behind_doors, lemuel_oklob_altar, uniq_sonja
D:11:     minmay_chambers_of_sixes, layout_irregular_city, serial_rivers,
          chequers_serial_rivers_micro_e, chequers_serial_rivers_micro_c,
          chequers_serial_rivers_room_a, chequers_serial_rivers_large_b,
          chequers_serial_rivers_micro_d, chequers_serial_rivers_micro_a,
          trove_entry_hex_spiral, portal_ice_cave_entry_imps,
          kennysheep_decorative_pillar, uniq_maurice
Temple:   eino_temple_scatter_basement
Lair:1:   layout_big_grid, ebering_ghost_xom, serial_bayou_shore_b, uniq_erica,
          uniq_grum
Lair:2:   layout_gridlike
Lair:3:   layout_big_grid
Lair:4:   layout_big_grid, minmay_swamp_entry_worms, dummy_snake_entry,
          gammafunk_ghost_icy, kennysheep_catoblepas_arena
Lair:5:   layout_loops_ring
Lair:6:   minmay_lair_end_enchanted_forest, layout_regular_city,
          dpeg_slime_entry_enclosed_altar

Skill      XL: |  1  2  3  4  5  6  7  8  9 10 11 12 13 |
---------------+----------------------------------------+-----
Air Magic      | 5 6 7 9 10 11 13 14 | 14.0
Spellcasting   | 3 4 5 6 8 9 10 | 10.0
Fighting       | 3 5 7 9 11 12 | 12.1
Conjurations   | 2 7 9 12 13 | 13.4
Shields        | 1 4 |  4.0
Dodging        | |  2.1
Stealth        | |  2.0

Action                   |  1- 3 |  4- 6 |  7- 9 | 10-12 | 13-15 || total
-------------------------+-------+-------+-------+-------+-------++-------
Melee: Unarmed           |     6 |       |       |       |       ||     6
       Spear             |     7 |       |       |       |       ||     7
       Dagger            |     8 |    15 |    18 |    41 |       ||    82
       Kick              |     4 |     3 |     3 |    43 |     7 ||    60
       Peck              |       |     2 |     2 |    24 |     4 ||    32
       Staff             |       |       |       |    10 |       ||    10
       Short sword       |       |       |       |    51 |    19 ||    70
 Cast: Shock             |    81 |   129 |     7 |       |       ||   217
       Airstrike         |       |     3 |   135 |   318 |    47 ||   503
       Lightning Bolt    |       |       |       |    32 |    17 ||    49
       Static Discharge  |       |       |       |    21 |    12 ||    33
       Swiftness         |       |       |       |       |     1 ||     1
 Abil: Fly               |       |     1 |       |       |       ||     1
Evoke: Wand              |       |       |     1 |     9 |     5 ||    15
  Use: Scroll            |       |       |     9 |     6 |     1 ||    16
       Potion            |       |       |       |     1 |     3 ||     4
 Stab: Sleeping          |       |       |     1 |       |       ||     1
Armor: Robe              |     4 |     1 |     5 |    21 |     6 ||    37
       Skin              |       |       |       |       |     7 ||     7
Dodge: Dodged            |    25 |    22 |    37 |   132 |    15 ||   231
Block: Kite shield       |       |       |       |    35 |       ||    35
       Buckler           |       |       |       |     5 |    30 ||    35
       Reflection        |       |       |       |       |     1 ||     1

Table legend: (Time is in decaauts)
 A = Elapsed time spent in this place.
 B = Non-inter-level travel time spent in this place.
 C = Inter-level travel time spent in this place.
 D = Time resting spent in this place.
 E = Time spent auto-exploring this place.
 F = Levels seen in this place.
 G = Mean time per level.
                   A        B        C        D        E       F      G
               +--------+--------+--------+--------+--------+-----+--------+
         Total |  24360 |  23787 |    573 |   4399 |  16904 |  18 | 1353.3 |
       Dungeon |  17535 |  17133 |    402 |   2894 |  12400 |  11 | 1594.1 |
        Temple |    185 |    166 |     19 |      0 |    164 |   1 |  185.0 |
          Lair |   6639 |   6488 |    151 |   1505 |   4340 |   6 | 1106.5 |
               +--------+--------+--------+--------+--------+-----+--------+

Top non-repeatable levels by time:
    D:10: 3566 daAuts
     D:8: 2486 daAuts
  Lair:1: 1841 daAuts
     D:6: 1603 daAuts
  Lair:3: 1572 daAuts
     D:7: 1547 daAuts
     D:4: 1427 daAuts
     D:9: 1377 daAuts
     D:5: 1308 daAuts
     D:2: 1235 daAuts
     D:1: 1227 daAuts
  Lair:4: 1126 daAuts
  Lair:5: 1107 daAuts
  Lair:2: 969 daAuts
     D:3: 931 daAuts
